 Dungeon Crawl Stone Soup version 0.31.0-9-g3a7656b989 (webtiles) character file.

Game seed: 7707301785058960200

6869 Kenran the Grappler (level 11, -7/166 HPs)
             Began as an Oni Shapeshifter on Feb 3, 2024.
             Was a Priest of Okawaru.
             Mangled by a large abomination (21 damage)
             ... on level 2 of the Abyss.
             The game lasted 00:20:29 (8439 turns).

Kenran the Grappler (Oni Shapeshifter)              Turns: 8439, Time: 00:20:29

Health: -7/166     AC:  3    Str: 22    XL:     11   Next: 6%
Magic:  13/14      EV: 14    Int: 11    God:    Okawaru [***...]
Gold:   16         SH:  0    Dex: 16    Spells: 8/10 levels left

rFire   . .          .
                       - Unarmed
rCold   + . .        (no shield)
rNeg    . . .        a - +0 animal skin
rPois   .            (helmet currently unavailable)
rElec   .            (cloak currently unavailable)
rCorr   .            (gloves unavailable)
SInv    .            (boots unavailable)
Will    +....        H - amulet of regeneration Stlth
                     m - ring of protection from cold
HPRegen 0.00/turn    n - +6 ring of dexterity
MPRegen 0.14/turn

%: no passive effects
@: berserking, beast-form, heroic, sick, very quick
A: beast (slay +4), large, unfitting armour, horns 1, tough skin 1, double
potion healing, drunken brawling
a: Begin Untransformation, Renounce Religion, Heroism


You were on level 2 of the Abyss.
You worshipped Okawaru.
Okawaru was most pleased with you.
You were a hulking beast.
You visited 2 branches of the dungeon, and saw 10 of its levels.
You visited the Abyss 1 time.

You collected 631 gold pieces.
You spent 615 gold pieces at shops.

Inventory:

Armour
 a - a +0 animal skin (worn)
 t - a +0 cloak
Jewellery
 m - a ring of protection from cold (left hand)
 n - a +6 ring of dexterity (right hand)
 v - a ring of fire
 y - a ring of resist corrosion
 B - a ring of see invisible
 H - an amulet of regeneration (around neck)
Talismans
 c - a beast talisman
 d - a flux talisman
 w - a blade talisman
Wands
 u - a wand of flame (35)
 F - a wand of paralysis (2)
 G - a wand of acid (5)
Scrolls
 h - 2 scrolls of enchant armour
 j - a scroll of blinking
 p - 2 scrolls of revelation
 s - 3 scrolls of teleportation
 x - 3 scrolls of butterflies
 A - a scroll of fog {unknown}
 C - 3 scrolls of immolation {unknown}
 D - a scroll of identify {@r1}
 E - a scroll of enchant weapon {unknown}
Potions
 b - 2 potions of brilliance {unknown}
 e - 2 potions of cancellation {unknown}
 f - a potion of magic {unknown}
 i - 2 potions of haste {unknown}
 k - 2 potions of berserk rage {!q}
 l - a potion of mutation {unknown}
 q - a potion of ambrosia {unknown}
 r - a potion of might {unknown}
 z - a potion of attraction {unknown}
 I - a potion of enlightenment {unknown}


   Skills:
 - Level 8.0(13.0) Fighting
 - Level 3.0(8.0) Dodging
 + Level 11.9(16.9) Unarmed Combat
 - Level 5.0 Invocations
 - Level 2.0 Evocations
 - Level 7.0 Shapeshifting


You had 8 spell levels left.
You knew the following spells:

 Your Spells              Type           Power      Damage    Failure   Level
a - Lesser Beckoning      Tloc           0%         N/A       47%         2

Your spell library contained the following spells:

 Spells                   Type           Power      Damage    Failure   Level
 Sting                    Conj/Alch      0%         1d3       34%         1
 Mercury Vapours          Alch/Air       0%         N/A       47%         2
 Gell's Gravitas          Tloc           0%         N/A       71%         3
 Teleport Other           Tloc           0%         N/A       71%         3
 Olgreb's Toxic Radiance  Alch           0%         N/A       98%         4
 Summon Ice Beast         Ice/Summ       Unusable   N/A       N/A         3
 Summon Mana Viper        Hex/Summ       Unusable   N/A       N/A         5
 Monstrous Menagerie      Summ           Unusable   N/A       N/A         7

Dungeon Overview and Level Annotations

Branches:
Dungeon (9/15)             Temple (1/1) D:7             Orc (0/2) D:9
   Lair: D:8-11

Altars:
Ashenzari
Cheibriados
Dithmenos
Elyvilon
Fedhas
Gozag
Hepliaklqana
Kikubaaqudgha
Makhleb
Nemelex Xobeh
Okawaru
Qazlal
Ru
Sif Muna
Trog
Uskayaw
Vehumet
Wu Jian
Xom
Yredelemnul
Zin
The Shining One

Shops:
D:6 *   D:9 !

Annotations:
D:1 exclusion: downstairs
D:7 exclusion: 2 downstairs
D:8 Erica, Joseph
D:9 Erolcha, Jeremiah


Innate Abilities, Weirdness & Mutations

You are a hulking beast.
Your limbs bulge with bestial killing power. (Slay +4)
You are too large for most types of armour.
You have a pair of small horns on your head.
You have tough skin. (AC +1)
You gain doubled healing and magic from potions.
Whenever you drink a healing potion, you attack all around you.


Message History

The alligator snapping turtle zombie bites you.
You hit the alligator snapping turtle zombie.
The alligator snapping turtle zombie is lightly damaged.
You hit the alligator snapping turtle zombie.
The alligator snapping turtle zombie is lightly damaged.
You pummel the alligator snapping turtle zombie!!
The alligator snapping turtle zombie is moderately damaged.
The alligator snapping turtle zombie bites you!!
* * * LOW HITPOINT WARNING * * *
You punch the alligator snapping turtle zombie!
The alligator snapping turtle zombie is heavily damaged.
You take a swig of the potion and flex your muscles.
You pummel the alligator snapping turtle zombie!!
You punch the alligator snapping turtle zombie, but do no damage.
The alligator snapping turtle zombie is severely damaged.
You savour every drop.
You feel much better.
The alligator snapping turtle zombie bites you!!
* * * LOW HITPOINT WARNING * * *
You hit the alligator snapping turtle zombie.
You headbutt the alligator snapping turtle zombie.
The alligator snapping turtle zombie is severely damaged.
You hit the alligator snapping turtle zombie.
You punch the alligator snapping turtle zombie, but do no damage.
The alligator snapping turtle zombie is severely damaged.
The alligator snapping turtle zombie bites you!
* * * LOW HITPOINT WARNING * * *
You pummel the alligator snapping turtle zombie!!
The alligator snapping turtle zombie is almost destroyed.
You hit the alligator snapping turtle zombie.
You headbutt the alligator snapping turtle zombie.
You destroy the alligator snapping turtle zombie!
Okawaru accepts your kill.
Okay, then.
Okay, then.
Okay, then.
It was a potion of berserk rage.
A red film seems to cover your vision as you go berserk!
You feel yourself moving faster!
You feel mighty! The large abomination hits you!!
You die...

.. # ..# ##
░.# .. .#≣.#
.. .. .#..#
░░...▓X#.#..
░ ░...≣.
#.....░ ░
▓░.▓.........
# ....#≣.
.#░░
...≣X#▓..░.
.. .. #h░ ..░
░.# #.▓░ ░. ▓
░ ▓..#▓░#. .▓
#...# .. ▓...
.░ ..# ..░░
░░ .. ≣ #


You could see a large abomination.

Vanquished Creatures
  A smoke demon (Abyss:2)
  An alligator snapping turtle zombie (Abyss:2)
  A komodo dragon (D:8)
  An ancient zyme (Abyss:2)
  Grinder (D:3)
  2 hornets (D:9)
  2 raiju (Abyss:1)
  5 yaks
  2 golden eyes (Abyss:1)
  A small abomination (Abyss:2)
  6 water moccasins
  2 orc warriors
  3 sky beasts (D:7)
  An ice beast (D:6)
  4 black bears
  An ogre (D:5)
  A phantom (D:6)
  A centaur (D:8)
  4 bullfrogs
  A brain worm (Abyss:2)
  A gnoll sergeant (D:9)
  3 scorpions
  9 killer bees (D:9)
  A howler monkey (D:6)
  4 jellies
  6 orc priests
  A gnoll bouda (D:7)
  2 hounds (D:5)
  A sleepcap (D:5)
  An iguana (D:7)
  5 orc wizards
  9 adders
  18 gnolls
  A white imp (D:5)
  An ufetubus (D:5)
  A dart slug (D:4)
  2 ribbon worms
  32 orcs
  2 bats
  5 endoplasms
  2 giant cockroaches (D:1)
  7 goblins
  9 hobgoblins
  3 jackals (D:3)
  8 kobolds
  8 quokkas
  4 ball pythons
  3 frilled lizards
  2 rats (D:2)
192 creatures vanquished.

Notes
Turn   | Place    | Note
-------+----------+-------------------------------------------
     0 | D:1      | Kenran the Oni Shapeshifter began the quest for the Orb.
     0 | D:1      | Reached XP level 1. HP: 19/19 MP: 1/1
    48 | D:1      | Reached skill level 3 in Unarmed Combat
    87 | D:1      | Reached XP level 2. HP: 26/27 MP: 2/2
   295 | D:1      | Reached XP level 3. HP: 27/33 MP: 3/3
   502 | D:2      | Reached skill level 4 in Unarmed Combat
   865 | D:2      | Reached XP level 4. HP: 41/41 MP: 4/4
  1171 | D:3      | Identified the +3 helmet of Xuny {rPois Str-5 Int+3}
  1215 | D:3      | Reached skill level 5 in Unarmed Combat
  1234 | D:3      | Reached XP level 5. HP: 39/48 MP: 5/5
  1381 | D:3      | Found a faded altar of an unknown god.
  1451 | D:3      | Noticed Grinder
  1463 | D:3      | Killed Grinder
  1464 | D:3      | Reached skill level 6 in Unarmed Combat
  1464 | D:3      | Reached XP level 6. HP: 61/61 MP: 6/6
  2046 | D:4      | Reached XP level 7. HP: 51/67 MP: 7/7
  2309 | D:4      | Reached skill level 7 in Unarmed Combat
  2591 | D:5      | Entered Level 5 of the Dungeon
  2597 | D:5      | Identified the +2 leather armour of Morality {rCorr Int+2}
  3141 | D:5      | Reached skill level 8 in Unarmed Combat
  3175 | D:5      | Reached XP level 8. HP: 47/75 MP: 8/8
  3477 | D:5      | Found a snail-covered altar of Cheibriados.
  3478 | D:5      | Found a sacrificial altar of Ru.
  3484 | D:5      | Reached skill level 1 in Evocations
  3905 | D:6      | Reached skill level 5 in Fighting
  3928 | D:6      | Found Zapseong's General Store.
  3934 | D:6      | Bought 3 potions of heal wounds for 165 gold pieces
  4608 | D:7      | Found an opulent altar of Gozag.
  4608 | D:7      | Found a sparkling altar of Nemelex Xobeh.
  4621 | D:7      | Reached skill level 9 in Unarmed Combat
  4621 | D:7      | Reached XP level 9. HP: 45/88 MP: 9/9
  5050 | D:7      | Found a staircase to the Ecumenical Temple.
  5080 | Temple   | Entered the Ecumenical Temple
  5104 | Temple   | Became a worshipper of Warmaster Okawaru
  5388 | D:7      | Reached skill level 10 in Unarmed Combat
  6052 | D:8      | Noticed Joseph
  6113 | D:8      | Noticed Erica
  6510 | D:7      | Learned a level 2 spell: Lesser Beckoning
  6719 | D:8      | Reached skill level 5 in Shapeshifting
  6730 | D:8      | Noticed a deep elf pyromancer
  7180 | D:8      | Reached * piety under Okawaru
  7198 | D:8      | Noticed a komodo dragon
  7211 | D:8      | Killed a komodo dragon
  7212 | D:8      | Reached XP level 10. HP: 98/98 MP: 10/10
  7475 | D:6      | Bought an amulet of regeneration for 330 gold pieces
  7625 | D:8      | Reached skill level 1 in Invocations
  7669 | D:9      | Reached ** piety under Okawaru
  7770 | D:9      | Found a staircase to the Orcish Mines.
  7926 | D:9      | Noticed Jeremiah
  8129 | D:9      | Paralysed by a hornet for 2 turns
  8222 | D:9      | Found Compuo's Distillery.
  8231 | D:9      | Bought 2 potions of heal wounds for 120 gold pieces
  8251 | D:9      | Reached skill level 5 in Invocations
  8252 | D:9      | Noticed Erolcha
  8254 | Abyss:1  | Cast into level 1 of the Abyss (Erolcha)
  8306 | Abyss:1  | Noticed a sixfirhy
  8306 | Abyss:1  | Noticed a cacodemon
  8311 | Abyss:1  | Reached *** piety under Okawaru
  8311 | Abyss:1  | Noticed a sixfirhy
  8315 | Abyss:2  | Reached skill level 11 in Unarmed Combat
  8370 | Abyss:2  | Noticed a smoke demon
  8383 | Abyss:2  | Killed a smoke demon
  8405 | Abyss:2  | Reached XP level 11. HP: 94/111 MP: 14/14
  8419 | Abyss:2  | Noticed a tentacled starspawn
  8439 | Abyss:2  | Mangled by a large abomination

Illustrated notes

Levels and vault maps discovered:
D:1:      dpeg_arrival_simpleton_b, layout_rooms
D:2:      layout_rooms
D:3:      layout_basic, basic_ecumenical_altar, grunt_decor_fettered,
          uniq_grinder
D:4:      layout_loops_ring
D:5:      layout_rooms, gammafunk_temple_overflow_statue, minmay_circle_x
D:6:      layout_basic, serial_shops, nicolae_shop_stone
D:7:      layout_layer_cave, grunt_temple_overflow_opulence, temple_pool_b,
          kennysheep_small_circle
D:8:      layout_cave_pools, due_lair_maze_entry_diamond, serial_glass,
          glass_columns_a, glass_columns_b, minmay_misc_feat_encased,
          nicolae_concentric_dashed_squares_wild, uniq_erica, uniq_joseph
D:9:      layout_stronghold, orc_0_dummy, nicolae_stop_n_shop_2,
          kennysheep_generic_room_14, uniq_jeremiah, uniq_erolcha
Temple:   compressed_dpeg_circular_temple
Abyss:2:  base: D:9, hangedman_abyss_or_decor_lesser_grid,
          spicy_abyss_helpful_harpoons

Skill      XL: |  1  2  3  4  5  6  7  8  9 10 |
---------------+-------------------------------+-----
Unarmed Combat | 3 4 5 6 8 9 10 11 | 11.9
Fighting       | 3 5 8 |  8.0
Dodging        | 2 3 |  3.0
Shapeshifting  | 4 7 |  7.0
Evocations     | 2 |  2.0
Invocations    | 5 |  5.0

Action                     |  1- 3 |  4- 6 |  7- 9 | 10-12 || total
---------------------------+-------+-------+-------+-------++-------
  Melee: Unarmed           |    81 |   106 |   261 |   115 ||   563
         Headbutt          |    12 |    21 |    48 |    30 ||   111
         Punch             |     1 |     4 |    18 |    11 ||    34
 Invoke: Heroism           |       |       |       |     2 ||     2
  Evoke: Wand              |       |       |     5 |     4 ||     9
    Use: Scroll            |       |     5 |     2 |     1 ||     8
         Potion            |       |     1 |     1 |    12 ||    14
   Stab: Sleeping          |     1 |     1 |     3 |     1 ||     6
         Paralysed         |       |       |     4 |       ||     4
 Armour: Animal skin       |    43 |    49 |   164 |   112 ||   368
         Skin              |       |     8 |       |       ||     8
  Dodge: Dodged            |    25 |    39 |   115 |    78 ||   257
